Cogmind - Beta 15 @@@ ROGUE MODE // 2025.06.17 @ 19:41:25 Player: BlobtheGreat Result: Destroyed by S-10 Pest with Light Assault Rifle Performance ------------- Evolutions (2) 1000 Regions Visited (8) 1600 Robots Destroyed (127) 635 Value Destroyed (4046) 4046 Prototype IDs (25) 500 Alien Tech Used (0) 0 Bonus (1210) 1210 TOTAL SCORE: 8991 Bonus ------- High Alert Combat Kills 175 Follower Combat Kills 35 Entered Garrisons 200 Used RIF Installer 500 Aligned with FarCom 300 Cogmind --------- Core Integrity 0/550 Matter 300/300 Energy 240/240 System Corruption 0% Temperature Cool (0) Movement Treading (250) Ox1 Location -8/Storage Parts ------- > --- POWER (1) -------- Nuclear Core > --- PROPULSION (4) --- Armored Treads Armored Treads Armored Treads Armored Treads > --- UTILITY (3) ------ Huge Storage Unit Modified TNC Improved Power Shielding > --- WEAPON (3) ------- Heavy Assault Rifle Minigun Enhanced Autogun > --- INVENTORY (25) --- Improved Ion Engine Improved Ion Engine Improved Hover Unit Faulty Aerolev Unit Aerolev Unit Aerolev Unit Machine Analyzer Advanced Targeting Computer Reactive Plating Hacking Suite System Shield Relay Coupler [NC] (29) Relay Coupler [Swarmer] (29) Relay Coupler [Cutter] (29) Relay Coupler [Sentry] (18) Relay Coupler [Hunter] (14) Enhanced Autogun Enhanced Autogun Enhanced Autogun Flak Cannon Flak Cannon Flak Cannon Mini Grenade Launcher Mini Grenade Launcher Axe Peak State ------------ > --- POWER ------------ Nuclear Core > --- PROPULSION ------- Armored Treads Armored Treads Armored Treads Armored Treads > --- UTILITY ---------- Huge Storage Unit Modified TNC Improved Power Shielding > --- WEAPON ----------- Heavy Assault Rifle Minigun Enhanced Autogun > --- INVENTORY -------- Improved Hover Unit Aerolev Unit Aerolev Unit Aerolev Unit Machine Analyzer Advanced Targeting Computer ECM Suite Hacking Suite System Shield Relay Coupler [NC] Relay Coupler [Swarmer] Relay Coupler [Cutter] Relay Coupler [Sentry] Relay Coupler [Hunter] Enhanced Autogun Enhanced Autogun Enhanced Autogun Flak Cannon Flak Cannon Flak Cannon Mini Grenade Launcher Mini Grenade Launcher Axe [Rating: 41] Favorites ----------- Power Ion Engine Engine Ion Engine Power Core Nuclear Core Propulsion Armored Treads Treads Armored Treads Leg Aluminum Leg Utility Huge Storage Unit Device Seismic Detector Storage Huge Storage Unit Processor Modified TNC Hackware Hacking Suite Protection Light Armor Plating Weapon Light Assault Rifle Energy Gun Particle Gun Energy Cannon Ion Cannon Ballistic Gun Light Assault Rifle Ballistic Cannon Light Cannon Launcher Grenade Launcher Impact Weapon Flail Slashing Weapon Axe Build | -11 -10 -10 -10 -9 -8 -8 -8 -8 ------- Run | Yrd Mat Min Exi Min Mat Gar Mat Sto Slots Evolved 4 | . . . . . 4 . . . Power . | . . . . . . . . . Propulsion 2 | . . . . . 2 . . . Utility 1 | . . . . . 1 . . . Weapon 1 | . . . . . 1 . . . Parts Attached 69 | 7 5 . . 5 14 18 9 11 Power 7 | 1 . . . 1 1 2 1 1 Engine 6 | 1 . . . 1 1 2 1 . Core 1 | . . . . . . . . 1 Reactor . | . . . . . . . . . Propulsion 20 | 2 . . . 1 3 7 2 5 Treads 19 | 2 . . . 1 3 6 2 5 Leg 1 | . . . . . . 1 . . Wheel . | . . . . . . . . . Hover . | . . . . . . . . . Flight . | . . . . . . . . . Utility 15 | 2 5 . . 1 2 2 2 1 Device 1 | 1 . . . . . . . . Storage 4 | 1 3 . . . . . . . Processor 1 | . . . . . 1 . . . Hackware 1 | . . . . . . . 1 . Protection 8 | . 2 . . 1 1 2 1 1 Artifact . | . . . . . . . . . Weapon 27 | 2 . . . 2 8 7 4 4 Energy Gun 4 | . . . . . 1 3 . . Energy Cannon 1 | . . . . . . 1 . . Ballistic Gun 11 | 2 . . . . 2 1 3 3 Ballistic Cannon 3 | . . . . . 2 . . 1 Launcher 2 | . . . . 1 . . 1 . Special Weapon . | . . . . . . . . . Impact Weapon 5 | . . . . 1 3 1 . . Slashing Weapon 1 | . . . . . . 1 . . Piercing Weapon . | . . . . . . . . . Special Melee Weapon . | . . . . . . . . . Unidentified Prototypes 2 | . . . . . 1 . . 1 Parts Lost 30 | . . . . 5 5 16 2 2 Power 5 | . . . . 1 1 2 . 1 Propulsion 11 | . . . . 1 1 7 2 . Utility 5 | . . . . 1 1 2 . 1 Weapon 9 | . . . . 2 2 5 . . Highest Loss Streak 6 | . . . . 3 2 6 1 2 To Critical Strikes 1 | . . . . . . 1 . . Average Backups 19 | 3 8 15 15 12 20 23 24 24 Power 1 | . 1 2 1 . 1 1 1 1 Propulsion 3 | 2 1 4 4 3 5 3 3 4 Utility 9 | . 3 4 4 4 8 12 12 10 Weapon 5 | . 1 5 5 3 5 4 8 8 Tool/Special . | . . . . . . . . . Unused Backups 56 | . 5 1 1 . 11 5 8 25 Power 7 | . . . 1 . 2 2 . 2 Propulsion 18 | . 4 . . . 7 . 3 4 Utility 19 | . 1 1 . . 2 1 3 11 Weapon 12 | . . . . . . 2 2 8 Tool/Special . | . . . . . . . . . Average Slot Usage (%) 97 | . 99 100 100 94 96 95 99 99 Engine 9 | . 13 14 14 12 8 8 9 4 Treads 32 | . 27 28 28 26 35 31 31 36 Leg 1 | . . . . . . 2 4 . Device 2 | . 3 11 14 3 1 . . . Storage 10 | . 14 14 14 14 9 9 9 9 Processor 6 | . . . . . 8 9 9 9 Protection 7 | . 10 2 . 9 7 7 8 7 Energy Gun 2 | . . . . . 1 6 2 . Ballistic Gun 17 | . 28 28 28 2 11 7 21 26 Ballistic Cannon 2 | . . . . . 6 4 . . Impact Weapon 2 | . . . . 11 5 1 1 . Slashing Weapon 1 | . . . . . . 4 1 . Peak Build Rating 41 | 7 9 9 9 11 31 36 37 41 Average Rating 25 | 5 7 9 9 10 27 32 33 38 On Entrance 16 | . 7 9 9 9 11 30 36 34 Naked Turns . | . . . . . . . . . Heaviest Build 104 | 15 90 30 30 33 99 101 101 104 Greatest Support 92 | 40 40 40 40 43 92 92 80 80 Greatest Overweight (x) 2 | . 2 . . 1 1 2 1 1 Average Overweight (x) . | . . . . . . 1 1 1 Largest Inventory Capacity 25 | 8 25 15 15 15 25 25 25 25 Average Capacity 22 | 7 12 15 15 15 24 25 25 25 Most Carried 25 | 6 15 15 15 15 25 25 25 25 Average Carried 19 | 3 8 14 15 12 20 23 24 24 Final Capacity 25 | 8 15 15 15 15 25 25 25 25 Final Carried 25 | 6 15 15 15 10 25 24 25 25 Class Distribution -------------------- 59% | Mutant 24% | Skirmisher 16% | Scavenger-Skirmisher Dominant Class ---------------- Mutant | -10/Materials Mutant | -10/Mines Mutant | -10/Exiles Mutant | -9/Mines Mutant | -8/Materials Mutant | -8/Garrison Scavenger-Skirmisher | -8/Materials Skirmisher | -8/Storage Resources | -11 -10 -10 -10 -9 -8 -8 -8 -8 ----------- Run | Yrd Mat Min Exi Min Mat Gar Mat Sto Matter Collected 3043 | 249 500 10 . 125 481 617 451 610 Remotely . | . . . . . . . . . Salvage Created 4426 | 23 516 . . 278 698 811 1114 986 Parts 230 | 5 40 . . 7 34 39 63 42 Haulers Intercepted 8 | . 2 . . . 3 . 2 1 Recyclers Shooed 3 | . 2 . . 1 . . . . Parts Field Recycled . | . . . . . . . . . Retrieved Matter . | . . . . . . . . . Parts Self-Destructed . | . . . . . . . . . Prevented . | . . . . . . . . . Kills | -11 -10 -10 -10 -9 -8 -8 -8 -8 ------- Run | Yrd Mat Min Exi Min Mat Gar Mat Sto Combat Hostiles Destroyed 91 | . 9 . . 6 15 26 18 17 Melee 16 | . . . . 1 4 11 . . Guns 51 | . 9 . . . 3 7 15 17 Cannons 10 | . . . . . 4 6 . . AOE 7 | . . . . 4 . . 3 . Classes Destroyed 16 | 1 5 . . 1 5 1 1 2 Worker 7 | . 2 . . 1 1 . . 3 Builder 2 | . 1 . . 1 . . . . Tunneler 2 | 1 . . . . . . 1 . Hauler 8 | . 2 . . . 3 . 2 1 Recycler 5 | . . . . 2 . . 3 . Mechanic 1 | . . . . . 1 . . . Operator 4 | . . . . . 2 . 2 . Watcher 7 | . 1 . . . 2 . 4 . Swarmer 22 | . . . . . 4 12 6 . Grunt 48 | . 9 . . 6 3 11 7 12 Brawler 1 | . . . . . . . . 1 Duelist 1 | . . . . . . . 1 . Protector 2 | . . . . . . . . 2 Sentry 14 | . . . . . 6 2 4 2 Specialist 1 | . . . . . . 1 . . Hunter 2 | . . . . . 2 . . . Best Kill Streak 8 | 1 3 . . 4 4 3 4 8 Combat Bots Only 8 | . 3 . . 3 4 3 3 8 Max Kills in Single Turn 3 | 1 1 . . 2 1 1 3 2 Gunslinging 1 | . . . . . . . 1 . Exploded 2 | . . . . 1 . . 2 . Melee 1 | . . . . 1 1 1 . . Uniques/NPCs Destroyed . | . . . . . . . . . Combat | -11 -10 -10 -10 -9 -8 -8 -8 -8 -------- Run | Yrd Mat Min Exi Min Mat Gar Mat Sto Hostile Shots Fired 600 | . 34 . . 42 101 318 47 58 Missed 141 | . 8 . . 11 24 65 21 12 Hits 459 | . 26 . . 31 77 253 26 46 Melee 1 | . . . . . . . 1 . Projectile 458 | . 26 . . 31 77 253 25 46 Critical Strikes 11 | . 1 . . 1 2 4 1 2 Actively Blocked 2 | . 1 . . . . 1 . . Damage Taken 5937 | . 340 . . 437 1023 3014 387 736 Core 677 | . 45 . . 75 117 353 2 85 Absorbed by Shields 82 | . . . . . . 82 . . Redirected to Shielding 107 | . 27 . . . 40 40 . . Core Remaining (%) 76 | 100 . . . 52 . . . . Volleys Fired 279 | 1 55 . . 16 37 60 58 52 Largest 3 | 2 2 . . 2 3 3 3 3 Hottest 148 | 40 40 . . 50 87 148 65 73 Shots Fired 687 | 2 110 . . 20 91 146 170 148 Gun 589 | 2 110 . . 9 48 104 168 148 Cannon 85 | . . . . . 43 42 . . Launcher 13 | . . . . 11 . . 2 . Special . | . . . . . . . . . Kinetic 613 | 2 110 . . 9 89 87 168 148 Thermal 53 | . . . . . . 53 . . Explosive 13 | . . . . 11 . . 2 . Electromagnetic 8 | . . . . . 2 6 . . Robot Hit Streak 19 | 1 7 . . 3 19 11 16 14 Robot Miss Streak 6 | . 4 . . 4 6 6 5 3 Penetration Max . | . . . . . . . . . Secondary Targets 2 | . . . . . . 1 1 . Max Gunslinging Chain 1 | . . . . . . 1 1 . Shots Hit Robots 509 | 1 68 . . 11 95 113 122 99 Core Hits 238 | 1 30 . . 14 38 51 58 46 Critical Kills 5 | . . . . 1 1 . 1 2 Critical Parts Destroyed 5 | . . . . . 4 1 . . Critical Strikes 15 | . . . . 1 6 3 3 2 Destroy 3 | . . . . . . . 1 2 Blast 2 | . . . . . 1 1 . . Smash 7 | . . . . 1 5 1 . . Sever 3 | . . . . . . 1 2 . Melee Attacks 107 | . . . . 9 53 32 12 1 Impact 75 | . . . . 9 53 10 3 . Slashing 32 | . . . . . . 22 9 1 Piercing . | . . . . . . . . . Sneak Attacks 12 | . . . . 2 6 . 4 . Combat Hostiles . | . . . . . . . . . Follow-up Attacks 2 | . . . . . . . 2 . Damage Inflicted 10021 | 13 952 . . 1035 2140 2314 1964 1603 Guns 4995 | 13 923 . . 24 312 897 1235 1591 Cannons 1230 | . . . . . 619 611 . . Explosions 775 | . . . . 602 . . 173 . Melee 2972 | . . . . 409 1204 806 553 . Ramming 49 | . 29 . . . 5 . 3 12 Kinetic 5550 | 13 923 . . 24 931 833 1235 1591 Thermal 622 | . . . . . . 622 . . Explosive 775 | . . . . 602 . . 173 . Electromagnetic 53 | . . . . . . 53 . . Impact 1977 | . . . . 409 1204 264 100 . Slashing 995 | . . . . . . 542 453 . Piercing . | . . . . . . . . . Highest Corruption . | . . . . . . . . . Average Corruption . | . . . . . . . . . Corruption Purged . | . . . . . . . . . Corruption Blocked . | . . . . . . . . . Overload Shots . | . . . . . . . . . Overflow Damage 915 | . . . . 249 320 163 183 . Projectiles 14 | . . . . 14 . . . . Explosions 14 | . . . . 14 . . . . Melee 887 | . . . . 221 320 163 183 . Knockbacks 25 | . 1 . . 5 13 6 . . Impact 8 | . 1 . . 4 2 1 . . Kinetic 15 | . . . . . 10 5 . . Secondary 2 | . . . . 1 1 . . . Self-Inflicted Damage 59 | . . . . 52 . . 7 . Shots 4 | . . . . 3 . . 1 . Rammed 10 | . 5 . . 1 . . 1 3 Targets Rammed 12 | . 5 . . 1 1 . 2 3 Kicked . | . . . . . . . . . Crushed 2 | . . . . . 1 . 1 . Highest Temperature 528 | . 8 . . 91 102 528 81 148 Average Temperature 104 | . 2 . . 48 28 218 23 59 Received Heat Transfer 2358 | . 186 . . 237 279 1089 153 414 Effects 19 | . . . . . . 19 . . Shutdowns 7 | . . . . . . 7 . . Energy Bleed 2 | . . . . . . 2 . . Interference 4 | . . . . . . 4 . . Matter Decay 3 | . . . . . . 3 . . Short Circuit 1 | . . . . . . 1 . . Damage (minor) 2 | . . . . . . 2 . . Siege Activations . | . . . . . . . . . Martial Activations . | . . . . . . . . . Shielding Activations . | . . . . . . . . . Robots Disrupted . | . . . . . . . . . Combat Hostiles . | . . . . . . . . . Robots Corrupted 12 | . . . . 4 6 2 . . Combat Hostiles 7 | . . . . 1 4 2 . . Parts Fried 20 | . . . . 6 12 2 . . Impact Corruptions 27 | . . . . 9 13 5 . . Robots Melted . | . . . . . . . . . Combat Hostiles . | . . . . . . . . . Parts Melted 1 | . . . . . . 1 . . Heat Transferred 908 | . . . . . . 908 . . Parts Sabotaged . | . . . . . . . . . Parts Stolen . | . . . . . . . . . Parts Stripped . | . . . . . . . . . Power Chain Reactions . | . . . . . . . . . Alert | -11 -10 -10 -10 -9 -8 -8 -8 -8 ------- Run | Yrd Mat Min Exi Min Mat Gar Mat Sto Maximum Alert Level 3 | . . . . . . 3 2 . Low Security (%) 62 | 100 100 100 . 100 100 21 . 100 Level 1 17 | . . . . . . 25 59 . Level 2 14 | . . . . . . 27 40 . Level 3 5 | . . . . . . 24 . . Level 4 . | . . . . . . . . . Level 5 . | . . . . . . . . . High Security . | . . . . . . . . . Max Security . | . . . . . . . . . Peak Influence 1095 | 5 99 . . 111 91 1095 533 191 Initial 533 | . . . . . 31 55 533 180 Average 205 | . 26 . . 35 22 478 397 94 Influence Increases 3361 | 5 312 . . 226 471 1200 712 435 Destroy 0b10 Robot/C 1800 | . 180 . . 120 300 520 360 320 Destroy 0b10 Robot/NC 190 | 5 30 . . 20 45 . 60 30 Destroy Leader 350 | . 46 . . 20 100 20 102 62 Allied During Kill 3 | . . . . . . . . 3 Successful Hack 45 | . 10 . . . 14 . 21 . Disable Machine 30 | . . . . 30 . . . . Anti-Garrison Action 550 | . . . . . . 550 . . Destroy Structure 93 | . 1 . . 36 12 20 19 5 Lose Combat Pursuer 300 | . 45 . . . . 90 150 15 Influence Decreases 3270 | 5 312 . . 145 467 190 1380 771 Entered New Map 889 | . . . . . 50 30 562 247 Time Decay 1931 | 5 312 . . 105 397 . 648 464 Lost Part 260 | . . . . 40 20 160 20 20 Lost Ally 40 | . . . . . . . . 40 Purge Threat 150 | . . . . . . . 150 . Squads Dispatched 11 | . 1 . . . 4 . 2 4 Investigation 3 | . 1 . . . 1 . . 1 Extermination . | . . . . . . . . . Reinforcement 5 | . . . . . 2 . 2 1 Assault 2 | . . . . . . . . 2 Garrison 1 | . . . . . 1 . . . Intercept . | . . . . . . . . . Searches Triggered . | . . . . . . . . . Construction Impeded . | . . . . . . . . . Haulers Reinforced . | . . . . . . . . . Active Scanning Responses . | . . . . . . . . . Cargo Convoy Interrupts . | . . . . . . . . . Stealth | -11 -10 -10 -10 -9 -8 -8 -8 -8 --------- Run | Yrd Mat Min Exi Min Mat Gar Mat Sto Distress Signals 11 | . 2 . . . 3 . 4 2 Communications Jammed . | . . . . . . . . . Distress Signals . | . . . . . . . . . Times Spotted 149 | . 25 . . 6 30 27 35 26 Peak Tracking Total 8 | . 4 . . 3 4 8 3 7 Tactical Retreats 14 | . 2 . . . . 3 8 1 Traps | -11 -10 -10 -10 -9 -8 -8 -8 -8 ------- Run | Yrd Mat Min Exi Min Mat Gar Mat Sto Traps Triggered 20 | . 4 . . . 1 14 . 1 Indirectly . | . . . . . . . . . Trap Hack Attempts . | . . . . . . . . . Triggered . | . . . . . . . . . Disarmed . | . . . . . . . . . Reprogrammed 2 | . . . . . 2 . . . Reused . | . . . . . . . . . Traps Extracted . | . . . . . . . . . Installed . | . . . . . . . . . Triggered . | . . . . . . . . . Machines | -11 -10 -10 -10 -9 -8 -8 -8 -8 ---------- Run | Yrd Mat Min Exi Min Mat Gar Mat Sto Machines Disabled 4 | . . . . 2 . 2 . . Max in Single Turn 2 | . . . . 2 . 1 . . Garrison Relay 2 | . . . . . . 2 . . Machines Repaired . | . . . . . . . . . Machines Dismantled . | . . . . . . . . . Machines Sabotaged . | . . . . . . . . . Overloaded Fab Kills . | . . . . . . . . . Hacking | -11 -10 -10 -10 -9 -8 -8 -8 -8 --------- Run | Yrd Mat Min Exi Min Mat Gar Mat Sto Machines Accessed 22 | . 7 . 2 . 6 2 3 2 Terminals 19 | . 7 . . . 5 2 3 2 Fabricators . | . . . . . . . . . Repair Stations . | . . . . . . . . . Recycling Units . | . . . . . . . . . Scanalyzers . | . . . . . . . . . Garrison Access 1 | . . . . . 1 . . . Total Hacks 68 | . 15 . 24 . 14 3 6 6 Successful 39 | . 3 . 24 . 9 . 3 . Failed 28 | . 11 . . . 5 3 3 6 Catastrophic 8 | . 3 . . . 1 1 2 1 Database Lockouts 1 | . 1 . . . . . . . Manual 19 | . 8 . 1 . 1 . 3 6 Terminals 43 | . 15 . . . 13 3 6 6 Fabricators . | . . . . . . . . . Repair Stations . | . . . . . . . . . Recycling Units . | . . . . . . . . . Scanalyzers . | . . . . . . . . . Garrison Access 1 | . . . . . 1 . . . Terminal Hacks 38 | . 3 . 24 . 8 . 3 . Record 25 | . . . 23 . 2 . . . Robot Analysis 3 | . 2 . . . . . 1 . Branch Access Points 1 | . . . . . . . 1 . Emergency Access Points 1 | . 1 . . . . . . . Unreport Threat 1 | . . . . . . . 1 . Locate Traps 2 | . . . . . 2 . . . Reprogram Traps 1 | . . . . . 1 . . . Hauler Manifests 1 | . . . . . 1 . . . Registered Components 1 | . . . . . 1 . . . Zone Layout 1 | . . . . . 1 . . . Proto ID Catalog 1 | . . . 1 . . . . . Fabricator Hacks . | . . . . . . . . . Repair Station Hacks . | . . . . . . . . . Recycling Unit Hacks . | . . . . . . . . . Scanalyzer . | . . . . . . . . . Garrison Access Hacks 1 | . . . . . 1 . . . Unlock Access 1 | . . . . . 1 . . . Unauthorized Hacks . | . . . . . . . . . Terminals . | . . . . . . . . . Fabricators . | . . . . . . . . . Repair Stations . | . . . . . . . . . Recycling Units . | . . . . . . . . . Scanalyzers . | . . . . . . . . . Garrison Access . | . . . . . . . . . Data Cores Recovered 1 | . . . . . 1 . . . Used 1 | . . . . . 1 . . . Hacking Detections 14 | . 5 . . . 3 2 2 2 Full Trace Events 4 | . 2 . . . . 1 1 . Feedback Events . | . . . . . . . . . Feedback Blocked . | . . . . . . . . . Robot Schematics Acquired . | . . . . . . . . . Robots Built . | . . . . . . . . . Authchips . | . . . . . . . . . Time . | . . . . . . . . . Total Robot Build Rating . | . . . . . . . . . Part Schematics Acquired . | . . . . . . . . . Parts Built . | . . . . . . . . . Authchips . | . . . . . . . . . Time . | . . . . . . . . . Total Part Build Rating . | . . . . . . . . . Parts Repaired . | . . . . . . . . . Time . | . . . . . . . . . Parts Recycled . | . . . . . . . . . Recycled Matter . | . . . . . . . . . Retrieved Matter . | . . . . . . . . . Retrieved Components . | . . . . . . . . . Parts Scanalyzed . | . . . . . . . . . Part Schematics Acquired . | . . . . . . . . . Parts Damaged . | . . . . . . . . . Bothacking | -11 -10 -10 -10 -9 -8 -8 -8 -8 ------------ Run | Yrd Mat Min Exi Min Mat Gar Mat Sto Used RIF Installer 1 | . . . . . . 1 . . Robots Hacked . | . . . . . . . . . Non-combat . | . . . . . . . . . Combat . | . . . . . . . . . Robot Hacks Applied . | . . . . . . . . . Relay Couplers Released 10 | . . . . . . 10 . . Machine Destruction 10 | . . . . . . 10 . . Fabnet Peak Effective % . | . . . . . . . . . Robots Rewired . | . . . . . . . . . Allies Hacked . | . . . . . . . . . Hacks Repelled . | . . . . . . . . . Allies | -11 -10 -10 -10 -9 -8 -8 -8 -8 -------- Run | Yrd Mat Min Exi Min Mat Gar Mat Sto Total Allies 2 | . . . . . . . . 2 Largest Group 2 | . . . . . . . . 2 Highest-Rated Group 62 | . . . . . . . . 62 Highest-Rated Ally 31 | . . . . . . . . 31 Total Orders . | . . . . . . . . . Ally Attacks 7 | . . . . . . . . 7 Total Damage 122 | . . . . . . . . 122 Kills 1 | . . . . . . . . 1 Allies Corrupted 1 | . . . . . . . . 1 Allies Melted . | . . . . . . . . . Intel | -11 -10 -10 -10 -9 -8 -8 -8 -8 ------- Run | Yrd Mat Min Exi Min Mat Gar Mat Sto Active Infowar (turns) 9888 | 9 409 246 1015 34 3187 1769 2043 1176 Seismic 2199 | 9 409 246 1015 34 486 . . . T.N.C. 8156 | . . . . . 3168 1769 2043 1176 Robot Analysis Total 3 | . 2 . . . . . 1 . Derelict Logs Recovered . | . . . . . . . . . Drone Launches . | . . . . . . . . . Drone Recoveries . | . . . . . . . . . Exploration | -11 -10 -10 -10 -9 -8 -8 -8 -8 ------------- Run | Yrd Mat Min Exi Min Mat Gar Mat Sto Turns Passed 12323 | 91 1566 285 1015 243 3187 2384 2376 1176 Spaces Moved 5065 | 47 777 175 633 107 1318 803 824 381 Core 2 | 2 . . . . . . . . Treads 5063 | 45 777 175 633 107 1318 803 824 381 Legs . | . . . . . . . . . Wheels . | . . . . . . . . . Hover . | . . . . . . . . . Flight . | . . . . . . . . . Fastest Speed 50 | 50 160 160 160 160 160 240 246 247 Average Speed 210 | 155 168 160 160 162 212 248 248 248 Slowest Speed 330 | 160 320 160 160 240 240 330 250 250 Overloaded Moves . | . . . . . . . . . Propulsion Burnouts . | . . . . . . . . . Robots Hopped . | . . . . . . . . . Potential Cave-ins . | . . . . . . . . . Cave-ins Triggered . | . . . . . . . . . Exploration Rate (%) 53 | 4 95 41 91 30 71 64 43 39 Regions Visited 8 Branch Regions 4 Pre-discovered Areas 1 | . . . 1 . . . . . Known Exits Taken 2 | . . . . . 1 . 1 . Unknown Exits Taken 5 | 1 1 1 1 1 . . . . Scrap Searched 1 | . . 1 . . . . . . Spaces Dug 11 | . . . . . 10 . . 1 Terrain Destroyed 103 | . . . . 70 10 . 22 1 Melee 11 | . . . . . 10 . . 1 Projectile . | . . . . . . . . . AOE 92 | . . . . 70 . . 22 . Terrain Rammed . | . . . . . . . . . Walls Destroyed . | . . . . . . . . . Machines Disabled . | . . . . . . . . . Actions | -11 -10 -10 -10 -9 -8 -8 -8 -8 --------- Run | Yrd Mat Min Exi Min Mat Gar Mat Sto Total 6085 | 60 916 181 636 140 1567 1017 1043 525 Wait 346 | . 42 . . . 84 52 116 52 Move 5056 | 46 776 174 632 106 1317 801 823 381 Hop . | . . . . . . . . . Pick Up 107 | 6 15 3 1 . 39 22 12 9 Fast Attach 19 | 7 7 . . . 1 . 2 2 Attach 33 | . . . . 5 8 17 1 2 Detach . | . . . . . . . . . Swap 47 | . 8 1 . 3 11 8 7 9 Drop 61 | . 8 3 1 . 16 7 12 14 Fire 279 | 1 55 . . 16 37 60 58 52 Melee 105 | . . . . 9 53 32 10 1 Ram . | . . . . . . . . . Kick . | . . . . . . . . . Crush 12 | . 5 . . 1 1 . 2 3 Escape Stasis 18 | . . . . . . 18 . . Rewire 2 | . . . 2 . . . . . Trap . | . . . . . . . . . Miscellaneous . | . . . . . . . . . Route ------- -11/Scrapyard -10/Materials (discovered 5 exits: [*Mat x3] / [*Min x2]) -10/Mines (discovered 3 exits: [*Mat] / *Exi / [*Sub]) -10/Exiles (discovered 2 exits: [*Min x2]) -9/Mines -8/Materials (discovered 3 exits: [*Fac] / *Sto / Gar) -8/Garrison (discovered 3 exits: *Mat x3) -8/Materials (discovered 3 exits: [*Fac] / *Sto x2) -8/Storage History --------- Turn | Location | Event 50 | -11/Scrapyard | Discovered new exit (range 16) 92 | -11/Scrapyard | Entered Materials 204 | -10/Materials | Discovered new exit (range 14) 314 | -10/Materials | Build established: Mutant 386 | -10/Materials | Discovered new exit (range 16) 619 | -10/Materials | Discovered new exit (range 8) 686 | -10/Materials | Central database locked down 782 | -10/Materials | Discovered new exit (range 4) 1082 | -10/Materials | Discovered new exit (range 10) 1658 | -10/Materials | Entered Mines 1724 | -10/Mines | Discovered new exit (range 4) 1820 | -10/Mines | Met a Derelict bent on vengeance 1887 | -10/Mines | Found a Scrap Suit stashed away for nefarious purposes 1887 | -10/Mines | Discovered new exit (range 15) 1893 | -10/Mines | Found Scrap Suit 1936 | -10/Mines | Deemed a non-threat by the Exiles lab entrance 1936 | -10/Mines | Discovered new exit (range 5) 1943 | -10/Mines | Entered Exiles 1964 | -10/Exiles | Discovered new exit (range 15) 1983 | -10/Exiles | Met 8R-AWN 2009 | -10/Exiles | Met EX-HEX 2060 | -10/Exiles | Met EX-BIN 2079 | -10/Exiles | Aligned with FarCom system 2081 | -10/Exiles | Given EX-Vault access code 2121 | -10/Exiles | Opened EX-Vault 2139 | -10/Exiles | Found Modified TNC 2172 | -10/Exiles | Warned to stay clear of 0b10 Research branches 2369 | -10/Exiles | Met EX-DEC 2383 | -10/Exiles | Learned location of Zion (-7) 2458 | -10/Exiles | Visited The Gauntlet 2745 | -10/Exiles | Discovered new exit (range 10) 2958 | -10/Exiles | Left Exiles lab with Modified TNC 2958 | -10/Exiles | Entered Mines 3019 | -9/Mines | Lost 3 parts (1n2w) 3141 | -9/Mines | Discovered new exit (range 11) 3201 | -9/Mines | Entered Materials 3201 | -8/Materials | Evolved 4 slots: Propulsion x2, Utility x1, Weapon x1 4402 | -8/Materials | Garrison activated, responded to threat 4418 | -8/Materials | Identified exit to Garrison 4539 | -8/Materials | Build established: Skirmisher 4659 | -8/Materials | Discovered new exit (range 16) 5276 | -8/Materials | Discovered new exit (range 3) 6160 | -8/Materials | Build established: Mutant 6388 | -8/Materials | Entered Garrison 6574 | -8/Garrison | Triggered checkpoint 6712 | -8/Garrison | Garrison Relay disabled 6844 | -8/Garrison | Triggered checkpoint 7144 | -8/Garrison | Triggered checkpoint 7151 | -8/Garrison | Build established: Skirmisher 7168 | -8/Garrison | Garrison Relay disabled 7221 | -8/Garrison | Discovered new exit (range 10) 7480 | -8/Garrison | Core integrity fell below 50% 7488 | -8/Garrison | Lost 6 parts (1p2n3w) 7764 | -8/Garrison | Lost 3 parts (1n1u1w) 7780 | -8/Garrison | Build established: Mutant 7936 | -8/Garrison | Triggered checkpoint 7977 | -8/Garrison | Discovered new exit (range 10) 8092 | -8/Garrison | Triggered checkpoint 8242 | -8/Garrison | Discovered new exit (range 13) 8360 | -8/Garrison | Triggered checkpoint 8450 | -8/Garrison | Triggered checkpoint 8453 | -8/Garrison | Core integrity fell below 20% 8502 | -8/Garrison | Installed Relay Interface Framework 8772 | -8/Garrison | Entered Materials 9573 | -8/Materials | Build established: Scavenger-Skirmisher 10542 | -8/Materials | Discovered new exit (range 16) 10864 | -8/Materials | Discovered new exit (range 16) 11121 | -8/Materials | Identified exit to Storage 11148 | -8/Materials | Entered Storage 11614 | -8/Storage | Met a pair of Derelict thieves 11757 | -8/Storage | Build established: Skirmisher 11763 | -8/Storage | Destroyed 8 combat bots 12324 | -8/Storage | Destroyed by S-10 Pest with Light Assault Rifle Last Messages --------------- 12215_ K-01 Serf collects debris. 12216_ Acquired 48 matter. 12219_ R-06 Scavenger collects Beam Rifle. 12219_ K-01 Serf collects debris. 12223_ R-06 Scavenger collects Imp. Heat Sink. 12225_ K-01 Serf collects debris. 12227_ R-06 Scavenger collects Aluminum Leg. 12264_ K-01 Serf destroyed. 12267_ U-05 Engineer builds a Door. 12270_ K-01 Serf collects debris. 12272_ G-47 Trooper destroyed. 12272_ K-01 Serf destroyed. 12274_ Acquired 26 matter. 12282_ Acquired 18 matter. 12298_ R-06 Scavenger collects Lgt. Ion Engine. 12301_ R-06 Scavenger collects Sml. Matter Pod. 12304_ R-06 Scavenger collects Wheel. 12304_ K-01 Serf collects debris. 12319_ Slammed into M-13 Machinist. 12320_ W-25 Informer sends out distress signal. Map ----- +----------------------------------------------------+ | ????????????????????????????????????????????????? | | ????????????????????????????????????????????????? | | ?????????######################################## | | ?????????# | | ?????????# | | ?????????# | | ?????????######+#########/########## ############ | | ???????????# # #?????# #?????????## | | ???????????# """ # """ ####??# #?????????#T | | ???????????# """ # """ """#??# #????????### | | ???????????# """ # """ Y"#??# #????????# | | ???????????# # % *"""#??# #????????# | | ???????????# """ # """%####??# #????????#][ | | ???????????# """ # """=#?????# #????????#]] | | ???????????# """ # """=####### #????????### | | ???????????# # ## # #??????????? | | ?????????????########+######### + #????????### | | ????????????????????# ######### # #????????# | | ????????????????????# # # #*########## | | ????????????????????? ?# "" =!# +% %+ " | | ????????????????????? ?# "T = # #[########## " | | ????????????????????? ?# "" # %# #????????# " | | ???????????????????????# # # #??????### " | | ?????????????????????w?# %#=% # #????" # + | | ????????????????????# #####k#####+## # "T" ### | | ????????????????????# ss@ m%% + #?### | | ????????????????????# ################ #???? | | ?????????????????????????????????????? ! #??? | | ???????????????????????????????????????#####????? | | ?????????????????????s??????????????????????????? | | ?????????????????????s??????????????????????????? | | ?????????????a??????????????????????????????????? | | ????????????????????????????????????????????????? | | ??????????????????????????????????????????????### | | ???????????????????w??????????????????????????# | | ??????????????????????????????????????????????# | | ??????????????????????????????????????????????# | | ?????????????????????????????????????ga???????# | | ??????????????????????????????????????????????# | | ??????????????????????????????????????????????# | | ??????????????????????????????????????????????### | | ????????????????????????????????????????????????? | | ????????????????????????????????????????????????? | | ????????????????????????????????????????????????? | | ?????????????????????a??????????????????????????? | | ????????????????????????????????????????????????? | | ????????????????????????????????????????????????? | | ????????????????????????????????????????????????? | | ????????????????????????????????????????????????? | | ???????????????????????????????????a????????????? | +----------------------------------------------------+ Best States ------------- Heat Dissipation 31 Energy Generation 18 Energy Capacity 280 Matter Stores 300 Matter Capacity 300 Sight Range 16 Terrain Scan Density 10 Armor Coverage 150 Core Shielding 20 Power Shielding 66 Propulsion Shielding 33 Evasion (%) 40 Recoil Reduction 4 Offensive Hacking 10 Item Schematics ----------------- None Robot Schematics ------------------ None Fabricated ------------ Nothing Repaired ---------- Nothing Alien Tech Used ----------------- None Achievements -------------- None Challenges ------------ None Game ------ Seed HeatCatalystDetector Manual? 0 Play Time 01:13:00 Cumulative 28.7 hours Start 2025.06.17 @ 18:28:47 End 2025.06.17 @ 19:41:25 Sessions 1 Manual Loads 0 Difficulty Rogue Special Mode None Game No. 30 Rogue 30 Adventurer 0 Explorer 0 Win Type - Total 0 Types 0/0/0/0/0/0/0/0/0/0 Lore% 24 Gallery% 25 Achievement% 29 Wizard Run 0 Options --------- Layout 1 ASCII 0 Keyboard 1 Movement Arrows Keybinds 0 Fullscreen 1 Font 24/Smallcaps Map View 50x40 Zoom Use 0% Tactical HUD 1 Map Filters NONE Filters NONE Steam 1 RUN: ec0a5537-1ddf-4f03-a140-24b6b7214e97